 Dungeon Crawl Stone Soup version 0.30.0-18-gc0e69614cb (webtiles) character file.

Game seed: 14746475043699377447

23 Hades the Trooper (level 2, -6/24 HPs)
             Began as a Demonspawn Fighter on May 23, 2023.
             Mangled by an ogre
             ... wielding a +0 giant club
              (9 damage)
             ... on level 2 of the Dungeon.
             The game lasted 00:05:34 (1208 turns).

Hades the Trooper (Demonspawn Fighter)              Turns: 1208, Time: 00:05:35

Health: -6/24      AC: 13    Str: 16    XL:     2   Next: 75%
Magic:  2/2        EV:  4    Int:  9    God:
Gold:   29         SH:  4    Dex: 12    Spells: 1/1 levels left

rFire   . . .        a - +1 war axe
rCold   . . .        c - +0 buckler
rNeg    . . .        f - +0 plate armour
rPois   .            (no helmet)
rElec   .            (no cloak)
rCorr   .            (no gloves)
SInv    .            (no boots)
Will    .....        e - amulet of faith Stlth
                     (no ring)
HPRegen 0.24/turn    (no ring)
MPRegen 0.08/turn

%: faith
@: no status effects
A: molten scales 1
a: no special abilities


You were on level 2 of the Dungeon.
You visited 1 branch of the dungeon, and saw 2 of its levels.

You collected 29 gold pieces.

Inventory:

Hand Weapons
 a - a +1 war axe (weapon)
 g - a +0 mace
Armour
 b - a +0 scale mail
 c - a +0 buckler (worn)
 f - a +0 plate armour (worn)
Jewellery
 e - an amulet of faith (around neck)
Scrolls
 i - a scroll of enchant armour {unknown}
 j - 2 scrolls of teleportation
 k - a scroll of magic mapping {unknown}
Potions
 d - a potion of might
 h - a potion of ambrosia


   Skills:
 + Level 3.3 Fighting
 + Level 2.2 Axes
 + Level 3.0 Armour
 + Level 2.8 Shields


You had one spell level left.
You didn't know any spells.
Your spell library was empty.

Dungeon Overview and Level Annotations

Branches:
Dungeon (2/15)

Altars:


Innate Abilities, Weirdness & Mutations

You are partially covered in molten scales. (AC +2)


Message History

A kobold comes into view. It is wielding a +0 whip.
You block the kobold's attack.
You slash the kobold!
You kill the kobold!
You see here a +0 whip.
As you read the scroll labelled HAONEI CUPHYQ, it crumbles to dust.
You feel strangely unstable.
It was a scroll of teleportation.
Your surroundings suddenly seem different.
An ogre comes into view. It is wielding a +0 giant club.
Found a glowing ruby potion and 2 potions of curing.
The ogre shouts!
The ogre completely misses you. The ogre hits you but does no damage.
A quokka comes into view.
You open the door.
There is an open door here.
You hit the ogre.
The ogre is lightly wounded.
The ogre barely misses you.
You hit the ogre.
The ogre is lightly wounded.
The ogre hits you with a +0 giant club!
Ouch! That really hurt!
You hit the ogre.
The ogre is moderately wounded.
The ogre hits you but does no damage.
You barely miss the ogre.
The ogre is moderately wounded.
You block the ogre's attack.
You barely miss the ogre.
The ogre is moderately wounded.
You block the ogre's attack.
You slash the ogre!
The ogre is heavily wounded.
The ogre hits you with a +0 giant club!
* * * LOW HITPOINT WARNING * * *
You hit the ogre.
The ogre is severely wounded.
The ogre hits you with a +0 giant club!
You die...

##### #
#..!# .
#...# .
#...# .
#####...#
.
+..@Or..+
.
#####!..#
. #...#
#...#
#...#
....#
...##
....#


You could see an ogre and a quokka.

Vanquished Creatures
  A worm (D:2)
  An endoplasm (D:1)
  A hobgoblin (D:1)
  3 jackals (D:1)
  2 quokkas (D:2)
  4 bats
  2 frilled lizards
  2 goblins (D:1)
  2 kobolds
  A rat (D:1)
19 creatures vanquished.

Notes
Turn   | Place    | Note
-------+----------+-------------------------------------------
     0 | D:1      | Hades the Demonspawn Fighter began the quest for the Orb.
     0 | D:1      | Reached XP level 1. HP: 18/18 MP: 1/1
   649 | D:1      | Gained mutation: You are partially covered in molten
                  | scales. (AC +2) [demonic ancestry]
   649 | D:1      | Reached XP level 2. HP: 24/24 MP: 2/2
  1193 | D:2      | Noticed an ogre
  1208 | D:2      | Mangled by an ogre

Illustrated notes

Levels and vault maps discovered:
D:1:      elethiomel_arrival_maze, layout_loops_ring,
          minmay_misc_feat_more_columns
D:2:      layout_basic, nrook_mini_backslash, eino_tiny_chamber,
          grunt_ministairs_11

Skill      XL: |  1  2 |
---------------+-------+-----
Armour         | 3 |  3.0
Axes           | 2 |  2.2
Fighting       | |  3.3
Shields        | |  2.8

Action                     || total
---------------------------++-------
  Melee: War axe           ||    66
    Use: Potion            ||     2
         Scroll            ||     4
 Armour: Plate armour      ||    65
  Dodge: Dodged            ||    20
  Block: Buckler           ||    21
